 Dungeon Crawl Stone Soup version 0.23-a0-321-g6bcb69f (webtiles) character file.

60785 iamserjio the Earth Mage (level 14, -9/78 HPs)
             Began as a Deep Elf Earth Elementalist on Oct 15, 2018.
             Was the Champion of Nemelex Xobeh.
             Hit by a large rock thrown by a stone giant (55 damage)
             ... on level 1 of the Depths.
             The game lasted 01:23:08 (24023 turns).

iamserjio the Earth Mage (DEEE)                    Turns: 24023, Time: 01:23:09

Health: -9/78      AC: 13    Str:  9    XL:     14   Next: 58%
Magic:  9/35       EV: 21    Int: 29    God:    Nemelex Xobeh [******]
Gold:   947        SH:  7    Dex: 18    Spells: 25/43 levels left

rFire    + . .     SeeInvis .   L - +7 spear of Zaosiaf {pain, +Fly rN+ Str+4 Int+3}
rCold    + + .     Gourm    .   g - +2 buckler
rNeg     + . .     Faith    .   i - +2 robe {rC+}
rPois    .         Spirit   .   (no helmet)
rElec    .         Reflect  .   J - +2 cloak {+Inv}
rCorr    .         Harm     .   r - +2 pair of gloves {Dex+3}
MR       +....                  C - +2 pair of boots
Stlth    ++........             O - amulet of regeneration
HPRegen  0.63/turn              S - ring of protection from fire
MPRegen  0.24/turn              x - ring of protection from cold

@: no status effects
A: no striking features
a: Triple Draw, Deal Four, Stack Five, Renounce Religion, Evoke Invisibility,
Evoke Flight


You were on level 1 of the Depths.
You worshipped Nemelex Xobeh.
Nemelex Xobeh was exalted by your worship.
You were hungry.

You visited 2 branches of the dungeon, and saw 16 of its levels.
You also visited: Labyrinth and Ossuary.

You collected 1112 gold pieces.
You spent 165 gold pieces at shops.

Inventory:

Hand Weapons
 L - the +7 spear of Zaosiaf (weapon) {pain, +Fly rN+ Str+4 Int+3}
   (You took it off an orc wizard on level 8 of the Dungeon)

   In the hands of one skilled in necromantic magic, it inflicts extra damage on
   living creatures.
   It affects your strength (+4).
   It affects your intelligence (+3).
   It protects you from negative energy.
   It lets you fly.
Missiles
 a - a throwing net {!f}
 b - 100 stones (quivered)
Armour
 g - a +2 buckler (worn)
 i - a +2 robe of cold resistance (worn)
 r - a +2 pair of gloves of dexterity (worn)
 C - a +2 pair of boots (worn)
 J - a +2 cloak of invisibility (worn)
Jewellery
 x - a ring of protection from cold (right hand)
 O - an amulet of regeneration (around neck)
 S - a ring of protection from fire (left hand)
Wands
 h - a wand of iceblast (5)
 q - a wand of paralysis (20)
 v - a wand of enslavement (27)
 w - a wand of clouds (4)
 N - a wand of acid (12)
 Q - a wand of scattershot (7)
Scrolls
 c - 2 scrolls of fear
 f - 8 scrolls of remove curse {@r2}
 n - 4 scrolls of teleportation
 p - 6 scrolls of fog
 u - 5 scrolls of blinking
 M - 3 scrolls of magic mapping
 Y - a scroll of summoning
Potions
 e - 6 potions of heal wounds
 k - 8 potions of ambrosia
 l - a potion of haste {unknown}
 m - 3 potions of invisibility
 o - 2 potions of agility
 s - 3 potions of brilliance {unknown}
 t - 9 potions of curing {@q1}
 z - a potion of might {unknown}
 A - 3 potions of magic {unknown}
 B - 4 potions of flight {unknown}
 H - a potion of lignification
 P - 2 potions of resistance {unknown}
 V - a potion of cancellation {unknown}
 X - a potion of mutation {unknown}
Miscellaneous
 j - an ornate deck of destruction
 y - a lamp of fire (inert)
 D - a plain deck of summoning {drawn: 3}
 E - a plain deck of destruction
 F - a plain deck of summoning {drawn: 2}
 G - an ornate deck of summoning
 I - an ornate deck of summoning {drawn: 3}
 K - a plain deck of destruction {drawn: 1}
 R - an ornate deck of escape
 T - a plain deck of summoning
 Z - a plain deck of summoning
Comestibles
 d - 25 rations


   Skills:
 + Level 5.0 Fighting
 - Level 1.3 Armour
 - Level 12.0 Dodging
 - Level 2.4 Stealth
 + Level 2.9 Shields
 + Level 15.0 Spellcasting
 + Level 5.9 Conjurations
 - Level 2.1 Summonings
 - Level 1.1 Transmutations
 - Level 2.2 Air Magic
 * Level 16.4 Earth Magic
 + Level 10.7 Invocations
 - Level 3.0 Evocations


You had 25 spell levels left.
You knew the following spells:

 Your Spells              Type           Power        Failure   Level  Hunger
a - Sandblast             Erth           ######       0%          1    None
b - Stone Arrow           Conj/Erth      ######       1%          3    None
c - Lee's Rapid Deconstr  Erth           #######...   1%          5    None
d - Mephitic Cloud        Conj/Pois/Air  #####...     2%          3    None
e - Passwall              Tmut/Erth      ######..     1%          2    None
f - Summon Lightning Spi  Summ/Air       ####....     11%         4    None

Your spell library contained the following spells:

 Spells                   Type           Power        Failure   Level  Hunger
 Sting                    Conj/Pois      ####         1%          1    None
 Petrify                  Tmut/Erth      ######..     1%          4    None
 Freeze                   Ice            ###.         2%          1    None
 Poisonous Vapours        Pois/Air       ####..       2%          2    None
 Sticks to Snakes         Tmut           ####....     2%          2    None
 Ignite Poison            Fire/Tmut/Pois ###.....     6%          3    None
 Force Lance              Conj/Tloc      #####...     7%          4    None
 Gell's Gravitas          Tloc           ###.......   8%          3    None
 Portal Projectile        Hex/Tloc       ###...       8%          3    None
 Statue Form              Tmut/Erth      ######...    11%         6    ###....
 Irradiate                Conj/Tmut      #####.....   16%         5    None
 Fireball                 Conj/Fire      #####.....   21%         5    None
 Venom Bolt               Conj/Pois      #####.....   21%         5    None
 Olgreb's Toxic Radiance  Pois           ###.....     24%         4    None
 Silence                  Hex/Air        ####......   41%         5    None
 Conjure Ball Lightning   Conj/Air       #####.....   56%         6    ###....
 Bolt of Fire             Conj/Fire      #####.....   73%         6    ###....
 Deflect Missiles         Chrm/Air       ####......   94%         6    ###....
 Dispersal                Tloc           ###.......   98%         6    ###....
 Ring of Flames           Chrm/Fire      ###.......   100%        7    #####..
 Controlled Blink         Tloc           N/A          100%        8    ######.
 Disjunction              Tloc           ###.......   100%        8    ######.
 Ignition                 Fire           ###.......   100%        8    ######.
 Tornado                  Air            ####......   100%        9    #######


Dungeon Overview and Level Annotations

Branches:
Dungeon (15/15)            Temple (0/1) D:7            Lair (0/6) D:8
    Orc (0/2) D:11         Vaults (0/5) D:14         Depths (1/5) D:15

Altars:
Ashenzari
Cheibriados
Elyvilon
Fedhas
Gozag
Kikubaaqudgha
Makhleb
Nemelex Xobeh
Okawaru
Qazlal
Trog
Vehumet
Wu Jian
Beogh

Shops:
D:4 [

Portals:
Hell: Depths:1
Trove: D:12 (give +5 demon whip)


Message History

The wall shatters!
The blast of rock fragments hits the stone giant.
The stone giant throws a large rock.
The large rock hits you!!
The large rock shimmers and vanishes!
Casting: Lee's Rapid Deconstruction (safe; 1% risk of failure)
Aiming: Lee's Rapid Deconstruction (safe; 1% risk of failure)
A rock wall.
The wall shatters!
The blast of rock fragments hits the stone giant.
The stone giant throws a large rock.
The large rock misses you.
The large rock shimmers and vanishes!
Casting: Lee's Rapid Deconstruction (safe; 1% risk of failure)
Aiming: Lee's Rapid Deconstruction (safe; 1% risk of failure)
A rock wall.
The wall shatters!
The blast of rock fragments hits the stone giant.
The stone giant throws a large rock.
The large rock hits you!!!
Ouch! That really hurt!
You die...
Your body glows slightly and disappears.

...##...(.....)).>#
...8############.## ....')#
####.################ ...8#(#
#....(.(....)........
..[##(#######.##)################
.8###......##.##)# .##
#.(....##.##.################ ##
#......##.).................. #
#..(...#####@################
###.#### #.# # #(## #.# # #..##
#.# # #...# #.# # #...# #.# #
#...# #.# # #..[## #C# # ###..#
#.# #


You could see a stone giant.

Vanquished Creatures
  A lich (Depths:1)
  A fire giant (Depths:1)
  3 very ugly things (Depths:1)
  A stone giant (Depths:1)
  2 vampire knights (Depths:1)
  A minotaur (Lab)
  2 ettins (Depths:1)
  3 yaktaur captains (Depths:1)
  An ice dragon (Depths:1)
  A hydra (D:15)
  A great orb of eyes (Depths:1)
  Harold (D:8)
  2 vault guards (D:14)
  3 centaur warriors
  3 two-headed ogres
  A tengu warrior (Depths:1)
  Nergalle (D:11)
  5 unseen horrors
  A phantasmal warrior (D:15)
  2 necromancers (D:14)
  2 wizards
  Pikel (D:8)
  2 cyclopes (D:14)
  10 ugly things
  3 spectral centaurs (D:12)
  3 centaur zombies
  Maurice (D:8)
  Psyche (D:8)
  A gargoyle (D:11)
  2 centaur skeletons
  5 yaktaurs (Depths:1)
  A komodo dragon (D:15)
  2 tengu conjurers (Depths:1)
  3 meliai (D:14)
  3 trolls
  2 hornets
  A wind drake (shapeshifter) (D:15)
  A raiju (shapeshifter) (D:15)
  A blink frog (shapeshifter) (D:15)
  10 slime creatures
  A meliai zombie (D:15)
  A hippogriff (D:14)
  2 shadows
  3 centaur simulacra (D:12)
  A redback (shapeshifter) (Depths:1)
  A vampire (D:15)
  4 hogs (D:7)
  18 humans
  A basilisk (D:12)
  A wyvern (D:12)
  11 yaks
  4 hungry ghosts
  4 vampire mosquitoes (D:12)
  A naga (D:14)
  Edmund (D:5)
  An acid dragon (D:11)
  2 soldier ants
  A spectral hornet (D:12)
  A meliai simulacrum (D:14)
  11 orc warriors
  3 sky beasts
  A water moccasin (D:10)
  2 ice beasts
  A hornet zombie (D:15)
  4 slaves (D:8)
  An eye of draining (D:14)
  A necrophage (D:13)
  4 boggarts (D:15)
  8 ogres
  3 phantoms
  11 centaurs
  2 crocodiles
  2 big kobolds (D:11)
  7 bullfrogs
  A wyvern skeleton (D:11)
  4 scorpions
  6 wights
  3 howler monkeys
  An electric eel (D:12)
  A bullfrog zombie (D:8)
  4 jellies
  A quasit (D:6)
  3 crimson imps
  10 hounds
  3 human zombies (Ossuary)
  9 orc priests
  2 bullfrog skeletons
  14 orc wizards
  3 iguanas
  14 worker ants
  4 mummies (Ossuary)
  A worker ant zombie (D:7)
  A howler monkey skeleton (D:5)
  4 gnolls (D:6)
  14 adders
  4 shadow imps
  2 adder skeletons
  An adder zombie (D:5)
  A worm (D:4)
  A dart slug (D:1)
  3 leopard geckos
  66 orcs
  2 ball pythons (D:3)
  7 giant cockroaches
  A gnoll zombie (Ossuary)
  12 goblins
  9 hobgoblins
  7 jackals
  16 kobolds
  3 quokkas
  A ball python skeleton (D:5)
  6 bats
  2 frilled lizards
  A goblin zombie (Ossuary)
  A hobgoblin zombie (Ossuary)
  A jackal skeleton (D:8)
  A kobold zombie (Ossuary)
  An orc zombie (Ossuary)
  A quokka zombie (D:6)
  8 rats
472 creatures vanquished.

Vanquished Creatures (collateral kills)
  The ghost of CcS the Severer, a journeyman MiBe of Trog (D:12)
  A rakshasa (D:15)
  A vault guard (D:15)
  A death knight (D:15)
  A slime creature (D:15)
  A wizard (D:15)
  A phantasmal warrior (D:15)
  A centaur skeleton (D:15)
  A yaktaur (Depths:1)
  A shadow (D:15)
  A wraith (D:15)
  A human (D:14)
  A sky beast (D:7)
  An ogre (D:7)
  A scorpion (D:7)
  4 killer bees (D:7)
  An adder (D:7)
20 creatures vanquished.

Vanquished Creatures (others)
  An ogre (D:11)
  An orc (D:11)
2 creatures vanquished.

Grand Total: 494 creatures vanquished

Notes
Turn   | Place    | Note
-------+----------+-------------------------------------------
     0 | D:1      | iamserjio the Deep Elf Earth Elementalist began the quest
                  | for the Orb.
     0 | D:1      | Reached XP level 1. HP: 10/10 MP: 6/6
   162 | D:1      | Reached XP level 2. HP: 10/15 MP: 5/8
   257 | D:1      | Found a sparkling altar of Nemelex Xobeh.
   260 | D:1      | You fall through a shaft!
   386 | D:1      | Became a worshipper of Nemelex Xobeh the Trickster
   394 | D:1      | Received a gift from Nemelex Xobeh
  1304 | D:2      | Reached XP level 3. HP: 19/19 MP: 8/10
  1309 | D:2      | Learned a level 3 spell: Stone Arrow
  1403 | D:2      | Reached skill level 4 in Earth Magic
  1563 | D:2      | Reached * piety under Nemelex Xobeh
  2030 | D:2      | Reached XP level 4. HP: 10/24 MP: 4/12
  2236 | D:3      | Found a bloodstained altar of Trog.
  2245 | D:3      | Reached skill level 1 in Conjurations
  2486 | D:3      | Reached skill level 5 in Spellcasting
  2486 | D:3      | Reached XP level 5. HP: 16/28 MP: 4/14
  2546 | D:3      | Received a gift from Nemelex Xobeh
  3036 | D:3      | Found a stormy altar of Qazlal.
  3324 | D:4      | Learned a level 5 spell: Lee's Rapid Deconstruction
  3341 | D:4      | Reached skill level 5 in Earth Magic
  3452 | D:4      | Found Cirreaza's Armour Shoppe.
  3462 | D:4      | Reached XP level 6. HP: 32/32 MP: 2/16
  3863 | D:4      | Reached skill level 6 in Earth Magic
  3863 | D:4      | Reached XP level 7. HP: 36/36 MP: 4/17
  4013 | D:4      | Received a gift from Nemelex Xobeh
  4133 | D:4      | Reached ** piety under Nemelex Xobeh
  4257 | D:4      | Found a white marble altar of Elyvilon.
  4287 | D:4      | Found an ornate altar of the Wu Jian Council.
  4325 | D:4      | Reached skill level 5 in Dodging
  4503 | D:5      | Entered Level 5 of the Dungeon
  4513 | D:5      | Reached skill level 7 in Earth Magic
  4692 | D:5      | Reached XP level 8. HP: 41/41 MP: 13/20
  4823 | D:5      | Got a crude ring mail
  4962 | D:5      | Noticed a two-headed ogre
  5127 | D:5      | Received a gift from Nemelex Xobeh
  5185 | D:5      | Noticed Edmund
  5204 | D:5      | Killed Edmund
  5204 | D:5      | Reached skill level 8 in Earth Magic
  5558 | D:5      | Killed a two-headed ogre
  5558 | D:5      | Reached skill level 9 in Earth Magic
  5558 | D:5      | Reached XP level 9. HP: 45/45 MP: 5/23
  5935 | D:6      | Reached skill level 1 in Invocations
  6207 | D:6      | Reached skill level 1 in Fighting
  6346 | D:6      | Found a blossoming altar of Fedhas.
  6346 | D:6      | Found a radiant altar of Vehumet.
  6347 | D:6      | Found a burning altar of Makhleb.
  6516 | D:6      | Reached *** piety under Nemelex Xobeh
  6724 | D:6      | Reached skill level 10 in Earth Magic
  6883 | D:7      | Found an ancient bone altar of Kikubaaqudgha.
  6971 | D:7      | Found a staircase to the Ecumenical Temple.
  7340 | D:7      | Found a sand-covered staircase.
  7345 | Ossuary  | Entered an ossuary
  8010 | D:7      | Reached XP level 10. HP: 54/54 MP: 16/25
  8346 | D:8      | Received a gift from Nemelex Xobeh
  8407 | D:8      | Learned a level 3 spell: Mephitic Cloud
  8419 | D:8      | Noticed Harold
  8593 | D:8      | Identified the +7 spear of Zaosiaf {pain, +Fly rN+ Str+4
                  | Int+3}
  8806 | D:8      | Noticed Maurice
  8808 | D:8      | Killed Maurice
  8808 | D:8      | Reached skill level 11 in Earth Magic
  9028 | D:8      | Killed Harold
  9028 | D:8      | Reached skill level 10 in Spellcasting
  9028 | D:8      | Reached skill level 1 in Evocations
  9342 | D:8      | Noticed Pikel
  9344 | D:8      | Killed Pikel
  9348 | D:8      | Noticed Psyche
  9351 | D:8      | Killed Psyche
  9590 | D:8      | Found a staircase to the Lair.
  9761 | D:8      | Received a gift from Nemelex Xobeh
  9951 | D:8      | Reached **** piety under Nemelex Xobeh
  9956 | D:8      | Found an iron altar of Okawaru.
  9956 | D:8      | Found a shattered altar of Ashenzari.
  9957 | D:8      | Found a snail-covered altar of Cheibriados.
 10281 | D:8      | Learned a level 2 spell: Passwall
 10369 | D:9      | Received a gift from Nemelex Xobeh
 10461 | D:9      | Received a gift from Nemelex Xobeh
 10672 | D:9      | Got a shimmering trident
 10699 | D:9      | Identified the cursed +2 trident of Duskonn {pierce, *Slow
                  | rPois rN+} (You found it on level 9 of the Dungeon)
 10825 | D:9      | Reached skill level 5 in Invocations
 10828 | D:9      | Reached XP level 11. HP: 60/60 MP: 17/27
 11007 | D:10     | Entered Level 10 of the Dungeon
 11124 | D:10     | Received a gift from Nemelex Xobeh
 11276 | D:10     | Reached ***** piety under Nemelex Xobeh
 11329 | D:10     | Noticed a two-headed ogre
 11336 | D:10     | Killed a two-headed ogre
 11698 | D:10     | Reached skill level 12 in Earth Magic
 12088 | D:11     | Noticed a cyan ugly thing
 12113 | D:11     | Received a gift from Nemelex Xobeh
 12220 | D:11     | Killed a cyan ugly thing
 12276 | D:11     | Noticed a purple ugly thing
 12282 | D:11     | Killed a purple ugly thing
 12335 | D:11     | Noticed Nergalle
 12359 | D:11     | Killed an unseen horror
 12373 | D:11     | Killed Nergalle
 12379 | D:11     | Reached skill level 10 in Dodging
 12413 | D:11     | Identified the +2 ring mail of Fun {rF+ Regen+ rCorr
                  | Slay+2} (You found it on level 5 of the Dungeon)
 12745 | D:11     | Found a staircase to the Orcish Mines.
 12745 | D:11     | Received a gift from Nemelex Xobeh
 12813 | D:11     | Found a roughly hewn altar of Beogh.
 13547 | D:11     | Reached skill level 13 in Earth Magic
 13839 | D:12     | Received a gift from Nemelex Xobeh
 14121 | D:12     | Found a portal to a secret trove of treasure.
 14150 | D:12     | Received a gift from Nemelex Xobeh
 14164 | D:12     | Reached XP level 12. HP: 66/66 MP: 16/29
 14171 | D:12     | Learned a level 4 spell: Summon Lightning Spire
 14511 | D:12     | Found a runed gate.
 14512 | D:12     | Found a runed gate.
 14513 | D:12     | Found a runed gate.
 14699 | D:12     | Noticed CcS's ghost (journeyman MiBe)
 14755 | D:13     | Noticed a centaur warrior
 14816 | D:13     | Received a gift from Nemelex Xobeh
 15069 | D:13     | Reached skill level 1 in Summonings
 15069 | D:13     | Reached skill level 1 in Air Magic
 15183 | D:13     | Noticed a centaur warrior
 15213 | D:13     | Killed a centaur warrior
 15377 | D:13     | Killed a centaur warrior
 15381 | D:13     | Identified a scroll of acquirement
 15936 | D:14     | Received a gift from Nemelex Xobeh
 15981 | D:14     | Found a labyrinth entrance.
 15992 | Lab      | Entered a labyrinth
 16312 | Lab      | Reached ****** piety under Nemelex Xobeh
 16434 | Lab      | Received a gift from Nemelex Xobeh
 16459 | Lab      | Noticed a minotaur
 16463 | Lab      | Killed a minotaur
 16463 | Lab      | Reached skill level 14 in Earth Magic
 16469 | Lab      | Identified the Incunabulum of the Unstable Frostbite
 16482 | Lab      | Got a dazzling shield
 16489 | Lab      | Identified the +5 shield "Idibb" {Regen+ Str-3 Int-4
                  | Stlth+} (You found it in a labyrinth)
 17026 | D:14     | Noticed a two-headed ogre
 17028 | D:14     | Killed a two-headed ogre
 17188 | D:14     | Received a gift from Nemelex Xobeh
 17474 | D:14     | Noticed a vault guard
 17527 | D:14     | Reached XP level 13. HP: 70/70 MP: 7/31
 18170 | D:14     | Found a gate to the Vaults.
 18302 | D:15     | Entered Level 15 of the Dungeon
 18381 | D:15     | Reached skill level 15 in Earth Magic
 19111 | D:15     | Found an opulent altar of Gozag.
 19542 | D:15     | Found a staircase to the Depths.
 20537 | D:4      | Bought a +1 pair of gloves of dexterity for 165 gold pieces
 20873 | D:12     | Reached skill level 10 in Invocations
 20933 | D:12     | Killed CcS's ghost
 21335 | Depths:1 | Entered Level 1 of the Depths
 21369 | Depths:1 | Noticed a vampire knight
 21376 | Depths:1 | Paralysed by a vampire knight for 4 turns
 21398 | Depths:1 | Killed a vampire knight
 21501 | Depths:1 | Noticed a green very ugly thing
 21502 | Depths:1 | Noticed a green very ugly thing
 21503 | Depths:1 | Noticed a green very ugly thing
 21507 | Depths:1 | Killed a cyan very ugly thing
 21507 | Depths:1 | Reached skill level 16 in Earth Magic
 21508 | Depths:1 | Killed a green very ugly thing
 21525 | Depths:1 | Killed a green very ugly thing
 21525 | Depths:1 | Reached skill level 1 in Armour
 21680 | Depths:1 | Reached XP level 14. HP: 76/76 MP: 1/34
 21874 | Depths:1 | Reached skill level 5 in Conjurations
 22236 | Depths:1 | Reached skill level 1 in Shields
 22360 | Depths:1 | Noticed a vampire knight
 22634 | Depths:1 | Noticed a lich
 22640 | Depths:1 | Killed a lich
 23190 | Depths:1 | Noticed a fire giant
 23195 | Depths:1 | Killed a fire giant
 23558 | Depths:1 | Found a gateway to Hell.
 23786 | Depths:1 | Found the +10 Black Knight's horse barding {ponderous,
                  | rPois rN+}
 23816 | Depths:1 | Reached skill level 15 in Spellcasting
 23823 | Depths:1 | Killed a vampire knight
 23968 | Depths:1 | Noticed a stone giant
 23987 | Depths:1 | Killed a stone giant
 23987 | Depths:1 | Reached skill level 5 in Fighting
 24023 | Depths:1 | Hit by a large rock thrown by a stone giant

Vault maps used:
D:1:      lemuel_arrival_lava_pool, nemelex_xobeh_ov_fountains_minmay
D:2:      kb_forest_paths
D:3:      nicolae_qazlal_eye_of_the_storm, bloody_trog
D:4:      minmay_opposing_rooms, elyvilon_altar_3, overflow_temple_1_default,
          serial_shops, shop, st_stairs_5
D:5:      kennysheep_big_flooded_room, first_ration,
          kennysheep_cross_bottleneck, uniq_edmund
D:6:      gammafunk_temple_overflow_claw
D:7:      minmay_temple_entry_statues_pillars, basic_altar,
          nicolae_ossuary_entry_plus, grunt_livestock, minmay_door_square,
          minivault_1
D:8:      gammafunk_temple_overflow_forgotten, lair_entry_dummy, uniq_harold,
          uniq_maurice, uniq_psyche, uniq_pikel
D:9:      uniq_joseph
D:11:     minmay_orc_entry_temple_small, uniq_nergalle
D:12:     nicolae_trove_entry_crossroad, gammafunk_ghost_necromancy
D:13:     chequers_serial_rivers_small_3
D:14:     grunt_vaults_entry_tiered, lab_entry_generic,
          minmay_staircase_windowed_small
D:15:     gammafunk_enter_depths_forms, roderic_lattice_octagonal_star,
          basic_altar
Depths:1: dk_noncrumbling_4, pf_coc_iceberg, kennysheep_generic_room_7
Ossuary:  ossuary_crypta

Skill      XL: |  1  2  3  4  5  6  7  8  9 10 11 12 13 14 |
---------------+-------------------------------------------+-----
Spellcasting   | 4 5 6 8 9 10 11 12 14 15 | 15.0
Earth Magic    | 4 5 6 7 9 10 11 13 14 16 | 16.4
Dodging        | 3 4 5 7 8 9 10 11 12 | 12.0
Conjurations   | 1 2 3 4 5 |  5.9
Invocations    | 3 5 7 8 10 | 10.7
Fighting       | 2 3 4 5 |  5.0
Evocations     | 2 3 |  3.0
Summonings     | 2 |  2.1
Air Magic      | 2 |  2.2
Armour         | 1 |  1.3
Shields        | 2 |  2.9
Stealth        | |  2.4
Transmutations | |  1.1

Action                   |  1- 3 |  4- 6 |  7- 9 | 10-12 | 13-15 || total
-------------------------+-------+-------+-------+-------+-------++-------
Melee: Unarmed           |     7 |     4 |       |       |       ||    11
       Short sword       |       |    30 |    19 |       |       ||    49
       Spear             |       |       |       |   142 |     4 ||   146
 Cast: Sandblast         |    38 |    22 |    54 |    88 |    37 ||   239
       Stone Arrow       |    15 |    30 |   116 |   127 |    53 ||   341
       Lee's Rapid Decon |       |       |    20 |   102 |   128 ||   250
       Passwall          |       |       |       |     3 |     5 ||     8
Evoke: Deck              |     1 |       |     8 |     1 |    30 ||    40
       Wand              |       |       |       |     2 |     4 ||     6
       Lamp of fire      |       |       |       |       |     2 ||     2
  Use: Scroll            |       |     1 |       |    28 |     3 ||    32
       Potion            |       |       |       |       |     3 ||     3
 Stab: Sleeping          |       |     1 |       |     2 |       ||     3
       Distracted        |       |     1 |       |     1 |       ||     2
  Eat: Chunk             |     4 |     7 |    14 |    31 |     9 ||    65
       Ration            |       |       |     1 |     2 |     3 ||     6
Armor: Robe              |     1 |     6 |    11 |    49 |    19 ||    86
       Troll leather arm |       |       |       |    20 |       ||    20
Dodge: Dodged            |    16 |    37 |    55 |   176 |    66 ||   350
Block: Buckler           |       |       |       |       |    12 ||    12

Table legend:
 A = Non-vault XP
 B = Vault XP
 C = Vault XP percentage of total XP
 D = Non-vault monster count
 E = Vault monster count
 F = Vault count percentage of total count
                 A         B        C        D         E       F
            +---------+---------+-------+---------+---------+-------
      Total |   65243 |   21594 |  24.9 |     398 |      92 |  18.8
            +---------+---------+-------+---------+---------+-------
        D:1 |      29 |       0 |   0.0 |      18 |       0 |   0.0
        D:2 |      49 |      10 |  16.9 |      15 |       5 |  25.0
        D:3 |     175 |       0 |   0.0 |      30 |       0 |   0.0
        D:4 |     893 |      63 |   6.6 |      19 |       5 |  20.8
        D:5 |     770 |    1063 |  58.0 |      17 |       3 |  15.0
        D:6 |    1246 |       0 |   0.0 |      38 |       0 |   0.0
        D:7 |     898 |     963 |  51.7 |      35 |       5 |  12.5
        D:8 |    1126 |    2449 |  68.5 |      25 |       4 |  13.8
        D:9 |    1312 |       0 |   0.0 |      13 |       0 |   0.0
       D:10 |    2405 |       0 |   0.0 |      21 |       0 |   0.0
       D:11 |    5101 |    1337 |  20.8 |      34 |      13 |  27.7
       D:12 |    2439 |    3390 |  58.2 |      27 |       9 |  25.0
       D:13 |    6326 |       0 |   0.0 |      22 |       0 |   0.0
       D:14 |    6397 |    7423 |  53.7 |      22 |      24 |  52.2
       D:15 |    5984 |    4687 |  43.9 |      20 |      12 |  37.5
   Depths:1 |   28893 |       0 |   0.0 |      41 |       0 |   0.0
        Lab |    1200 |       0 |   0.0 |       1 |       0 |   0.0
    Ossuary |       0 |     209 | 100.0 |       0 |      12 | 100.0
            +---------+---------+-------+---------+---------+-------
